General information
- name: BNet
- type: Ladder team game (AT/RT)
- host: Battle.net
- saver: DanielCormier
map: BlastedLands
- players: 8
- length: 23:36
- speed: Fast
- version: 1.30 W3XP
- replay type: Public
» download(283 KB)
Players
team 1 (winner)
DanielCormier (
orange | 144 APM | 3409 actions | 23:36)
5 Far Seer
3 Feral Spirit
2 Chain Lighting
5 Shadow Hunter
3 Hex
2 Healing Wave
» actions
| Assign group hotkey | 45 | |
| Basic commands | 224 | |
| Build / train | 75 | |
| ESC pressed | 1 | |
| Enter build submenu | 20 | |
| Enter hero's abilities submenu | 11 | |
| Remove unit from queue | 1 | |
| Right click | 1604 | |
| Select / deselect | 656 | |
| Select group hotkey | 637 | |
| Use ability | 135 | |
3409 total
» units
| Peon | 12 | |
| Grunt | 2 | |
| Wind Rider | 11 | |
| Troll Batrider | 7 | |
32 total
» upgrades
| Ranged Weapons | 3 | |
| Envenomed Spears | 1 | |
| Reinforced Defenses | 1 | |
| Armor | 3 | |
8 total
» buildings
| Altar of Storms | 1 | |
| Orc Burrow | 4 | |
| Barracks | 1 | |
| Voodoo Lounge | 1 | |
| War Mill | 2 | |
| Great Hall | 3 | |
| Stronghold | 1 | |
| Watch Tower | 1 | |
| Beastiary | 2 | |
| Fortress | 1 | |
17 total
» build order
00:03 Altar of Storms
00:06 Orc Burrow
00:26 Barracks
01:48 Orc Burrow
02:12 Voodoo Lounge
02:22 War Mill
03:39 Great Hall
04:22 Stronghold
04:37 Orc Burrow
05:54 Watch Tower
06:48 Beastiary
06:50 Beastiary
07:10 Fortress
17:27 Orc Burrow
18:09 Great Hall
21:20 War Mill
22:58 Great Hall
» items
| Healing Salve | 3 | |
| Lesser Clarity Potion | 6 | |
| Scroll of Town Portal | 4 | |
| Potion of Mana | 5 | |
| Potion of Healing | 2 | |
20 total

»
JayNova08 (
teal | 140 APM | 3301 actions | 23:35)
7 Priestess of the Moon
1 Scout
3 Trueshot Aura
2 Searing Arrows
1 Starfall
5 Keeper of the Grove
3 Entangling Roots
2 Thorns Aura
» actions
| Assign group hotkey | 132 | |
| Basic commands | 27 | |
| Build / train | 111 | |
| Enter build submenu | 18 | |
| Enter hero's abilities submenu | 12 | |
| Give item / drop item | 1 | |
| Right click | 1669 | |
| Select / deselect | 648 | |
| Select group hotkey | 597 | |
| Use ability | 85 | |
3301 total
» units
» upgrades
| Strength of the Moon | 3 | |
| Improved Bows | 1 | |
| Moon Armor | 2 | |
| Marksmanship | 1 | |
7 total
» buildings
| Altar of Elders | 1 | |
| Moon Well | 8 | |
| Ancient of War | 2 | |
| Ancient of Wonders | 1 | |
| Hunter's Hall | 1 | |
| Tree of Life | 1 | |
| Ancient Protector | 3 | |
| Tree of Ages | 1 | |
| Tree of Eternity | 1 | |
19 total
» build order
00:05 Altar of Elders
00:19 Moon Well
01:04 Ancient of War
01:24 Moon Well
01:46 Ancient of Wonders
02:28 Hunter's Hall
03:25 Moon Well
04:30 Tree of Life
04:42 Ancient Protector
05:22 Ancient of War
06:18 Ancient Protector
06:21 Tree of Ages
06:30 Moon Well
09:33 Moon Well
10:02 Ancient Protector
13:22 Moon Well
16:54 Moon Well
16:58 Tree of Eternity
17:00 Moon Well
» items
MrBob (
red | 28 APM | 651 actions | 23:35)
9 Paladin
2 Holy Light
3 Divine Shield
3 Devotion Aura
1 Resurrection
» actions
| Assign group hotkey | 15 | |
| Basic commands | 96 | |
| Build / train | 93 | |
| Enter build submenu | 22 | |
| Enter hero's abilities submenu | 9 | |
| Remove unit from queue | 2 | |
| Right click | 126 | |
| Select / deselect | 214 | |
| Select group hotkey | 36 | |
| Use ability | 38 | |
651 total
» units
| Peasant | 13 | |
| Footman | 9 | |
| Spell Breaker | 6 | |
| Knight | 8 | |
| Priest | 7 | |
| Flying Machine | 23 | |
66 total
» upgrades
| Swords | 2 | |
| Plating | 3 | |
| Lumber Harvesting | 2 | |
| Animal War Training | 1 | |
| Flak Cannons | 1 | |
| Gunpowder | 2 | |
| Flying Machine Bombs | 1 | |
12 total
» buildings
| Altar of Kings | 1 | |
| Barracks | 2 | |
| Farm | 13 | |
| Lumber Mill | 1 | |
| Blacksmith | 1 | |
| Keep | 1 | |
| Arcane Vault | 1 | |
| Town Hall | 1 | |
| Arcane Sanctum | 1 | |
| Castle | 1 | |
| Workshop | 1 | |
24 total
» build order
00:26 Altar of Kings
00:32 Barracks
00:45 Farm
01:27 Farm
01:51 Lumber Mill
02:15 Farm
02:45 Blacksmith
03:10 Keep
03:24 Farm
04:05 Arcane Vault
04:32 Town Hall
05:39 Arcane Sanctum
07:21 Castle
08:52 Barracks
10:11 Farm
10:51 Farm
11:44 Farm
12:21 Farm
13:26 Workshop
14:49 Farm
15:49 Farm
16:54 Farm
18:38 Farm
19:22 Farm
» items
rocon (
pink | 44 APM | 1038 actions | 23:35)
7 Archmage
3 Summon Water Elemental
3 Brilliance Aura
1 Mass Teleport
» actions
| Assign group hotkey | 26 | |
| Basic commands | 17 | |
| Build / train | 97 | |
| Enter build submenu | 29 | |
| Enter hero's abilities submenu | 7 | |
| Give item / drop item | 1 | |
| Remove unit from queue | 1 | |
| Right click | 335 | |
| Select / deselect | 247 | |
| Select group hotkey | 200 | |
| Use ability | 78 | |
1038 total
» units
| Peasant | 24 | |
| Rifleman | 20 | |
| Mortar Team | 10 | |
| Sorceress | 2 | |
56 total
» upgrades
| Masonry | 2 | |
| Lumber Harvesting | 2 | |
| Long Rifles | 1 | |
| Gunpowder | 2 | |
| Flare | 1 | |
| Armor | 3 | |
| Sorceress Training | 1 | |
| Magic Sentry | 1 | |
13 total
» buildings
| Farm | 10 | |
| Blacksmith | 1 | |
| Barracks | 4 | |
| Scout Tower | 18 | |
| Altar of Kings | 1 | |
| Lumber Mill | 1 | |
| Arcane Tower | 3 | |
| Arcane Vault | 2 | |
| Town Hall | 2 | |
| Guard Tower | 8 | |
| Keep | 1 | |
| Workshop | 1 | |
| Castle | 1 | |
| Arcane Sanctum | 2 | |
| Cannon Tower | 1 | |
56 total
» build order
00:27 Farm
00:46 Blacksmith
00:55 Barracks
01:08 Farm
01:48 Scout Tower
01:59 Farm
02:06 Altar of Kings
02:23 Lumber Mill
02:49 Arcane Tower
02:49 Arcane Tower
03:17 Arcane Vault
03:24 Farm
04:06 Farm
05:23 Town Hall
05:36 Scout Tower
05:36 Scout Tower
05:37 Scout Tower
05:38 Scout Tower
06:06 Arcane Tower
06:29 Guard Tower
06:35 Keep
07:13 Guard Tower
07:23 Guard Tower
07:25 Farm
07:26 Farm
07:27 Farm
07:29 Farm
07:30 Farm
09:00 Barracks
09:01 Barracks
09:08 Workshop
10:32 Barracks
14:23 Castle
16:02 Town Hall
16:42 Scout Tower
16:50 Arcane Sanctum
16:50 Arcane Sanctum
17:02 Scout Tower
17:33 Guard Tower
17:37 Scout Tower
18:09 Guard Tower
20:55 Arcane Vault
20:58 Scout Tower
20:58 Scout Tower
20:59 Scout Tower
20:59 Scout Tower
20:59 Scout Tower
21:00 Scout Tower
21:01 Scout Tower
21:01 Scout Tower
21:02 Scout Tower
21:02 Scout Tower
21:36 Guard Tower
21:38 Cannon Tower
21:56 Guard Tower
22:34 Guard Tower
» items
| Scroll of Regeneration | 2 | |
| Potion of Healing | 2 | |
4 total
team 2 (loser)

»
wombat (
blue | 77 APM | 1825 actions | 23:35)
3 Keeper of the Grove
2 Force of Nature
1 Entangling Roots
» actions
| Assign group hotkey | 32 | |
| Basic commands | 74 | |
| Build / train | 83 | |
| ESC pressed | 11 | |
| Enter build submenu | 38 | |
| Enter hero's abilities submenu | 3 | |
| Give item / drop item | 1 | |
| Right click | 620 | |
| Select / deselect | 391 | |
| Select group hotkey | 459 | |
| Use ability | 112 | |
1825 total
» units
| Wisp | 49 | |
| Archer | 11 | |
| Hippogryph | 5 | |
| Faerie Dragon | 1 | |
66 total
» upgrades
| Ultravision | 1 | |
| Improved Bows | 1 | |
| Strength of the Moon | 2 | |
| Moon Armor | 2 | |
| Marksmanship | 1 | |
7 total
» buildings
| Moon Well | 12 | |
| Ancient of War | 2 | |
| Altar of Elders | 1 | |
| Ancient of Wonders | 1 | |
| Tree of Life | 11 | |
| Hunter's Hall | 1 | |
| Tree of Ages | 1 | |
| Ancient of Wind | 3 | |
| Tree of Eternity | 1 | |
| Necropolis | 1 | |
| Ziggurat | 2 | |
36 total
» build order
00:16 Moon Well
00:31 Ancient of War
00:45 Altar of Elders
01:43 Moon Well
01:56 Ancient of Wonders
02:25 Moon Well
02:38 Moon Well
03:07 Ancient of War
04:10 Tree of Life
04:30 Hunter's Hall
04:58 Moon Well
05:42 Tree of Ages
08:05 Ancient of Wind
08:06 Ancient of Wind
09:23 Tree of Eternity
09:57 Moon Well
10:14 Tree of Life
10:57 Ancient of Wind
15:31 Tree of Life
17:14 Tree of Life
17:34 Tree of Life
17:38 Tree of Life
18:43 Tree of Life
19:51 Moon Well
19:53 Moon Well
19:53 Moon Well
20:53 Moon Well
20:55 Moon Well
20:56 Moon Well
22:31 Necropolis
22:33 Ziggurat
22:34 Ziggurat
22:58 Tree of Life
22:59 Tree of Life
23:07 Tree of Life
23:27 Tree of Life
» items
| Lesser Clarity Potion | 2 | |
| Scroll of Town Portal | 1 | |
3 total
Jack_Mehoff (
green | 53 APM | 1061 actions | 20:01)
4 Death Knight
2 Death Coil
2 Death Pact
1 Lich
1 Frost Nova
» actions
| Build / train | 89 | |
| Enter build submenu | 28 | |
| Enter hero's abilities submenu | 5 | |
| Give item / drop item | 1 | |
| Right click | 489 | |
| Select / deselect | 360 | |
| Use ability | 89 | |
1061 total
» units
| Acolyte | 21 | |
| Ghoul | 4 | |
| Crypt Fiend | 18 | |
| Razormane Medicine Man | 3 | |
| Centaur Outrunner | 4 | |
| Obsidian Statue | 2 | |
| Harpy Windwitch | 1 | |
| Harpy Rogue | 1 | |
| Abomination | 2 | |
| Frost Wyrm | 3 | |
59 total
» upgrades
» buildings
| Altar of Darkness | 1 | |
| Crypt | 1 | |
| Ziggurat | 14 | |
| Graveyard | 1 | |
| Tomb of Relics | 1 | |
| Nerubian Tower | 1 | |
| Halls of the Dead | 1 | |
| Spirit Tower | 8 | |
| Slaughterhouse | 1 | |
| Black Citadel | 1 | |
| Sacrificial Pit | 1 | |
| Boneyard | 2 | |
33 total
» build order
00:22 Altar of Darkness
00:25 Crypt
00:34 Ziggurat
00:43 Graveyard
00:56 Tomb of Relics
01:11 Ziggurat
01:41 Ziggurat
02:12 Nerubian Tower
04:28 Ziggurat
05:40 Ziggurat
05:43 Ziggurat
05:53 Halls of the Dead
06:18 Ziggurat
06:20 Ziggurat
07:03 Spirit Tower
07:03 Spirit Tower
07:15 Spirit Tower
07:29 Spirit Tower
08:51 Slaughterhouse
12:02 Ziggurat
12:06 Ziggurat
12:08 Ziggurat
12:11 Ziggurat
12:20 Black Citadel
13:03 Spirit Tower
14:29 Sacrificial Pit
15:50 Boneyard
16:13 Boneyard
16:56 Ziggurat
17:48 Spirit Tower
17:48 Spirit Tower
17:48 Spirit Tower
18:10 Ziggurat
» items
| Rod of Necromancy | 3 | |
| Potion of Mana | 1 | |
| Scroll of Town Portal | 1 | |
| Healing Salve | 1 | |
| Lesser Clarity Potion | 1 | |
| Potion of Healing | 2 | |
| Orb of Lightning | 1 | |
10 total
hidden (
purple | 102 APM | 1819 actions | 17:47)
5 Shadow Hunter
3 Serpent Ward
2 Healing Wave
3 Tauren Chieftain
2 Endurance Aura
1 War Stomp
» actions
| Assign group hotkey | 78 | |
| Basic commands | 28 | |
| Build / train | 67 | |
| ESC pressed | 3 | |
| Enter build submenu | 22 | |
| Enter hero's abilities submenu | 9 | |
| Right click | 1137 | |
| Select / deselect | 223 | |
| Select group hotkey | 163 | |
| Use ability | 89 | |
1819 total
» units
| Peon | 17 | |
| Wind Rider | 15 | |
| Harpy Rogue | 1 | |
| Troll Batrider | 1 | |
34 total
» upgrades
| Ranged Weapons | 2 | |
| Armor | 2 | |
| Envenomed Spears | 1 | |
| Reinforced Defenses | 1 | |
6 total
» buildings
| Altar of Storms | 1 | |
| Orc Burrow | 4 | |
| War Mill | 1 | |
| Stronghold | 2 | |
| Voodoo Lounge | 1 | |
| Great Hall | 2 | |
| Watch Tower | 5 | |
| Beastiary | 2 | |
| Fortress | 2 | |
20 total
» build order
00:13 Altar of Storms
00:23 Orc Burrow
00:43 War Mill
02:01 Stronghold
02:01 Stronghold
02:14 Voodoo Lounge
03:07 Great Hall
03:15 Great Hall
03:22 Watch Tower
03:44 Watch Tower
03:58 Orc Burrow
04:22 Beastiary
04:49 Watch Tower
05:22 Beastiary
06:03 Orc Burrow
07:30 Orc Burrow
08:44 Fortress
08:45 Fortress
12:06 Watch Tower
12:06 Watch Tower
» items
| Healing Salve | 3 | |
| Lesser Clarity Potion | 1 | |
| Potion of Mana | 3 | |
| Potion of Healing | 2 | |
9 total
The_Fart_Guy (
yellow | 54 APM | 1081 actions | 20:05)
5 Priestess of the Moon
2 Searing Arrows
3 Trueshot Aura
» actions
| Assign group hotkey | 18 | |
| Basic commands | 90 | |
| Build / train | 66 | |
| Enter build submenu | 18 | |
| Enter hero's abilities submenu | 5 | |
| Right click | 465 | |
| Select / deselect | 256 | |
| Select group hotkey | 119 | |
| Use ability | 44 | |
1081 total
» units
| Wisp | 18 | |
| Archer | 21 | |
| Hippogryph | 12 | |
51 total
» upgrades
| Improved Bows | 1 | |
| Strength of the Moon | 2 | |
| Moon Armor | 2 | |
| Marksmanship | 1 | |
6 total
» buildings
| Altar of Elders | 1 | |
| Moon Well | 6 | |
| Ancient of War | 2 | |
| Tree of Ages | 1 | |
| Ancient of Wonders | 1 | |
| Ancient of Wind | 2 | |
| Tree of Life | 3 | |
| Hunter's Hall | 1 | |
| Ancient Protector | 1 | |
| Tree of Eternity | 1 | |
19 total
» build order
00:05 Altar of Elders
00:18 Moon Well
00:47 Ancient of War
01:40 Moon Well
02:30 Tree of Ages
02:49 Moon Well
03:09 Ancient of Wonders
04:40 Moon Well
05:31 Ancient of Wind
05:34 Ancient of Wind
05:40 Ancient of War
05:56 Moon Well
06:15 Tree of Life
06:27 Hunter's Hall
10:29 Tree of Life
11:53 Ancient Protector
12:11 Moon Well
12:13 Tree of Eternity
13:31 Tree of Life
Chat log
(00:30 / Allies) rocon: hi
(00:33 / Allies) rocon: units?
(00:42 / Allies) rocon: i rifle mort
(00:51 / Allies) MrBob: knights breakers
(03:03 / Allies) JayNova08: orc tecghubg gard
(04:59 / Allies) JayNova08: beastiaries going up at purp
(05:31 / Allies) rocon: so we need to know if bat raider or wyv
(06:50 / Allies) MrBob: we should hit him
(07:05 / Allies) rocon: go now?
(09:15 / Allies) JayNova08: pink you're just on follow
(09:17 / Allies) JayNova08: pay attention please
(09:23 / Allies) rocon: sry
(11:29 / Allies) rocon: b?
(12:29 / Allies) rocon: lol
(12:32 / All) JayNova08: Err?
(12:33 / All) JayNova08: GG?
(13:23 / All) Jack_Mehoff: do not quit
(14:23 / Allies) DanielCormier: please
(14:24 / Allies) DanielCormier: focus
(14:26 / Allies) DanielCormier: entangled heroes
(15:21 / Allies) JayNova08: i go back for blue's stall
(15:50 / Allies) rocon: whats that
(16:21 / Allies) DanielCormier: what a clown
(18:21 / Allies) rocon: wood?
(19:53 / All) Jack_Mehoff: we suck
(20:03 / All) The_Fart_Guy: nah the other team has a hacker
(20:08 / All) MrBob: lol
(20:09 / All) DanielCormier: LOL
(20:12 / All) MrBob: you guys are bad
(20:21 / All) JayNova08: yellow and purp blew it w/ that fly by
(20:23 / All) wombat: gg
(20:24 / All) JayNova08: was so awk
(22:20 / All) DanielCormier: REAL MATURE
(22:27 / All) MrBob: i love this hahaha
(22:30 / All) DanielCormier: HOW R THERE STILL 13 YEAR OLDS
(22:33 / All) DanielCormier: PLAYING THIS 14 YEAR OLD GAME
(22:47 / All) DanielCormier: GO PLAY FORTNIOTE